[Event "Live Chess"]
[Site "Chess.com"]
[Date "2023.05.20"]
[Round "-"]
[White "domrobson"]
[Black "diana21strabt"]
[Result "1-0"]
[WhiteElo "1753"]
[BlackElo "1688"]
[TimeControl "300"]
[EndTime "11:53:11 PDT"]
[Termination "domrobson won by checkmate"]

1. d4 Nf6 2. c4 g6 3. Nc3 Bg7 4. e4 d6 5. Be2 Nbd7 6. Nf3 O-O 7. O-O e5 8. d5 Nc5 9. Qc2 a5 10. b3 Bd7 11. Ne1 h5 12. f3 Nh7 13. Be3 b6 14. Rb1 f5 15. Bf2 fxe4 16. fxe4 Ng5 17. Bh4 Rxf1+ 18. Bxf1 Bf6 19. a3 Ngxe4 20. Nxe4 Bxh4 21. Nxc5 bxc5 22. Qxg6+ Kf8 23. Qh6+ Kg8 24. Bd3 Qf6 25.
Qh7+ Kf8 26. Nf3 Re8 27. Nxh4 Qxh4 28. Qxd7 Qd4+ 29. Kh1 Qxd3 30. Rg1 e4 31. Qxc7 Qxb3 32. Qxd6+ Kg7 33. Rf1 Qxc4 34. Qf6+ Kh7 35. Qf7+ Kh6 36. Rf6+ Kg5 37. Qg6+ Kh4 38. Qg3# 1-0

[Event "Live Chess"]
[Site "Chess.com"]
[Date "2023.05.20"]
[Round "-"]
[White "Driftboard"]
[Black "VovaOvchar1990"]
[Result "0-1"]
[WhiteElo "717"]
[BlackElo "1215"]
[TimeControl "300"]
[EndTime "11:53:20 PDT"]
[Termination "VovaOvchar1990 won by resignation"]

1. e4 e5 2. Nf3 Nc6 3. Nc3 Nf6 4. Bb5 a6 5. Bxc6 dxc6 6. O-O Bd6 7. d3 O-O 8. Bg5 h6 9. Bxf6 Qxf6 10. h3 Qg6 11. Nh4 Qg5 12. Nf3 Qg6 13. Nh4 Qf6 14. Nf3 Be7 15. d4 exd4 16. Nxd4 Qg6 17. Nf5 Bxf5 18. exf5 Qxf5 19. Rc1 Bc5 20. Qe2 Rfe8 21. Qc4 Rad8 22.
Qxc5 Qxc5 23. a3 Rd2 24. Kh2 b5 25. Rfe1 Rxe1 26. Rxe1 Rxc2 27. Ne4 Qe5+ 28. Ng3 0-1

[Event "Live Chess"]
[Site "Chess.com"]
[Date "2023.05.20"]
[Round "-"]
[White "CocheseUK"]
[Black "seabuck"]
[Result "0-1"]
[WhiteElo "1061"]
[BlackElo "1857"]
[TimeControl "300"]
[EndTime "11:53:21 PDT"]
[Termination "seabuck won by resignation"]

1. e4 c6 2. d4 d5 3. Nc3 dxe4 4. Nxe4 Nf6 5. Nxf6+ gxf6 6. Be3 Bf5 7. Bd3 Bxd3 8.
Qxd3 e6 9. Nf3 Be7 10. Bh6 Bf8 11. Bxf8 Kxf8 12. O-O-O Ke7 13. Qa3+ Qd6 14. Qxd6+ Kxd6 15. c4 Nd7 16. b4 Rhg8 17. g3 Ke7 18. Rhe1 Nb6 19.
c5 Nd5 20. a3 a5 21. bxa5 Rxa5 22. Rd3 Rga8 23. Kd2 Rxa3 24. Rxa3 Rxa3 25. Ke2 Nc3+ 26.
Kf1 Nb5 27. Kg2 Rd3 28. Re4 f5 29. Rh4 h5 30. h3 Kf6 31. Rxh5 Nxd4 32. Nxd4 Rxd4 33.
Rh6+ Kg7 34. Rh4 Rxh4 35. gxh4 Kh6 36. Kf3 e5 37. Ke3 Kh5 38. f3 Kxh4 39. f4 e4 0-1

[Event "Live Chess"]
[Site "Chess.com"]
[Date "2023.05.20"]
[Round "-"]
[White "jennybobby44"]
[Black "chessfiction"]
[Result "0-1"]
[WhiteElo "1875"]
[BlackElo "2404"]
[TimeControl "300"]
[EndTime "11:53:29 PDT"]
[Termination "chessfiction won by resignation"]

1. Nf3 Nc6 2. d4 d5 3. g3 Bg4 4. Bg2 Qd7 5. Ne5 Nxe5 6. dxe5 O-O-O 7. c3 f6 8. exf6 exf6 9. O-O Bc5 10. b4 Bb6 11. a4 a5 12. bxa5 Bxa5 13. Bd2 h5 14.
f3 Bb6+ 15. Kh1 h4 16. fxg4 hxg3 17. h3 Qxg4 18. e3 Rxh3+ 19. Kg1 Qxd1 20. Rxd1 Rh2 21. a5 Bc5 22. Na3 Re8 23. Re1 Nh6 24. Nb5 Ng4 25. Nd4 Nf2 26. a6 bxa6 27. Rxa6 Kd7 28.
Ra5 Nd3 29. Rf1 Reh8 30. Bxd5 Rxd2 31. Be4 Bxd4 32. cxd4 Nf2 33. Rc1 Nxe4 0-1

[Event "Live Chess"]
[Site "Chess.com"]
[Date "2023.05.20"]
[Round "-"]
[White "LiamBellwood"]
[Black "LL220284LL"]
[Result "0-1"]
[WhiteElo "2089"]
[BlackElo "2399"]
[TimeControl "300"]
[EndTime "11:53:30 PDT"]
[Termination "LL220284LL won by resignation"]

1. d4 Nf6 2. Nc3 d5 3. Bf4 c5 4. e4 Nxe4 5. Nxe4 dxe4 6. dxc5 Qa5+ 7. c3 Qxc5 8. Qa4+ Nc6 9. Qxe4 Bf5 10. Qe3 e5 11. Qxc5 Bxc5 12. Bg3 O-O-O 13. Bb5 f6 14. Nf3 Ne7 15. O-O a6 16. Bc4 b5 17. Bb3 Bd3 18. Rfe1 Nf5 19. Rad1 Kb7 20. Bxe5 fxe5 21. Nxe5 Bc4 22. Bxc4 bxc4 23. Nxc4 Rxd1 24. Rxd1 Re8 25.
b4 Re4 26. Na5+ Kb6 27. Nb3 Be7 28. Kf1 Bf6 29. Rd3 Rc4 30. Rd5 Ne7 31. Rd6+ Kc7 32. Rxa6 Rxc3 33. Nc5 Nd5 34. Ra7+ Kb8 35. Rb7+ Kc8 36.
Rb5 Rc1+ 0-1

[Event "Live Chess"]
[Site "Chess.com"]
[Date "2023.05.20"]
[Round "-"]
[White "mikkyb4"]
[Black "mattihelenius2"]
[Result "1-0"]
[WhiteElo "1010"]
[BlackElo "489"]
[TimeControl "300"]
[EndTime "11:53:43 PDT"]
[Termination "mikkyb4 won by resignation"]

1. e4 e5 2. Nc3 Nf6 3. f4 exf4 4. e5 d6 5. exf6 Qxf6 6. Nf3 Qe7+ 7. Be2 Nc6 8. Nd5 Qe6 9. Nxc7+ Kd7 10. Nxe6 fxe6 11. O-O e5 12. d4 Nxd4 13. Nxd4 1-0

[Event "Live Chess"]
[Site "Chess.com"]
[Date "2023.05.20"]
[Round "-"]
[White "CheckThis4"]
[Black "mliszewski"]
[Result "1-0"]
[WhiteElo "2553"]
[BlackElo "1885"]
[TimeControl "300"]
[EndTime "11:53:46 PDT"]
[Termination "CheckThis4 won by resignation"]

1. d4 d5 2. Bg5 Nf6 3. e3 Bf5 4. Bxf6 exf6 5. Nf3 Bd6 6. c4 dxc4 7. Bxc4 O-O 8. O-O Re8 9. Nbd2 Nd7 10. Rc1 Nf8 11. Re1 c6 12. Qb3 Be6 13. Qxb7 Rb8 14. Qxc6 Rxb2 15. Bxe6 Rxe6 16. Qa4 Qb8 17. Nc4 Rb4 18.
Qd1 Bc7 19. d5 Re4 20. Qd3 f5 21. d6 Bb6 22. Nfd2 Rh4 23. g3 Rh5 24. Nxb6 Rxb6 25. Nc4 Rc6 26. d7 Qd8 27. Ne5 Rch6 28. Rc8 Rxh2 29.
Rxd8 Rh1+ 30. Kg2 R6h2+ 31. Kf3 g5 32. Rxf8+ Kxf8 33. d8=Q+ Kg7 34. Qxg5+ 1-0

[Event "Live Chess"]
[Site "Chess.com"]
[Date "2023.05.20"]
[Round "-"]
[White "CeladonFish"]
[Black "Andysav3"]
[Result "0-1"]
[WhiteElo "1092"]
[BlackElo "1696"]
[TimeControl "300"]
[EndTime "11:53:51 PDT"]
[Termination "Andysav3 won by resignation"]

1. d4 Nf6 2. c4 b5 3. cxb5 a6 4. bxa6 Bxa6 5. Nc3 e6 6. g3 Bb7 7. f3 Bb4 8. Qb3 Qe7 9. a3 Bd5 10. Qxb4 Qxb4 11. axb4 Rxa1 12. Kd2 O-O 13. e4 Bb3 14. e5 Nd5 15. Nxd5 Bxd5 16. Ne2 Bxf3 17. Nc3 Bxh1 0-1

[Event "Live Chess"]
[Site "Chess.com"]
[Date "2023.05.20"]
[Round "-"]
[White "ossie57"]
[Black "Bob2pen"]
[Result "1-0"]
[WhiteElo "1901"]
[BlackElo "1816"]
[TimeControl "300"]
[EndTime "11:53:53 PDT"]
[Termination "ossie57 won by resignation"]

1. d4 Nf6 2. Nc3 d5 3. Bf4 g6 4. e3 Bg7 5. Nb5 Na6 6. h4 c6 7.
Nc3 O-O 8. Be2 b5 9. h5 b4 10. Nb1 Qb6 11. hxg6 hxg6 12. Nf3 Bg4 13. Ne5 Bxe2 14.
Qxe2 Nc7 15. Bg5 Ne6 16. Bxf6 Bxf6 17. Nd7 Qa5 18. Nxf6+ exf6 19. Qf3 b3+ 20. c3 Kg7 21. Nd2 bxa2 22. e4 Rab8 23. e5 f5 24. g4 Ng5 25.
Qf4 Ne6 26. Qh6+ 1-0

[Event "Live Chess"]
[Site "Chess.com"]
[Date "2023.05.20"]
[Round "-"]
[White "OSmith06"]
[Black "Delacorta"]
[Result "0-1"]
[WhiteElo "1694"]
[BlackElo "1413"]
[TimeControl "300"]
[EndTime "11:53:53 PDT"]
[Termination "Delacorta won by resignation"]

1. e4 e6 2. d4 d5 3. Nd2 dxe4 4. Nxe4 Bd7 5. Nf3 Bc6 6. Bd3 Nd7 7. O-O Ngf6 8. Nxf6+ Nxf6 9. c3 Bxf3 10. Qxf3 c6 11.
Bg5 Be7 12. Rfe1 O-O 13. Bc2 Rc8 14. Qd3 g6 15. Re3 c5 16. Rh3 cxd4 17. cxd4 Qd5 18. Bb3 Qxg5 19. Rg3 Rc1+ 20. Rxc1 Qxc1+ 21. Bd1 Ne4 22. Rh3 Nd2 23. Qe2 Rc8 24. Rc3 Rxc3 25. bxc3 0-1

[Event "Live Chess"]
[Site "Chess.com"]
[Date "2023.05.20"]
[Round "-"]
[White "Sir_Sigmund"]
[Black "KeithArkell"]
[Result "0-1"]
[WhiteElo "1911"]
[BlackElo "2610"]
[TimeControl "300"]
[EndTime "11:53:57 PDT"]
[Termination "KeithArkell won by resignation"]

1. e4 c6 2. f4 d5 3. exd5 cxd5 4. Nf3 Nc6 5. d4 Bf5 6. Bd3 Bxd3 7. Qxd3 g6 8. c3 e6 9. O-O Nge7 10. Kh1 Bg7 11. Be3 h5 12. Nbd2 Nf5 13. Bg1 h4 14. Ne5 Ng3+ 0-1

[Event "Live Chess"]
[Site "Chess.com"]
[Date "2023.05.20"]
[Round "-"]
[White "HoarseyHorsey"]
[Black "BostonStrangler"]
[Result "0-1"]
[WhiteElo "1368"]
[BlackElo "2046"]
[TimeControl "300"]
[EndTime "11:54:04 PDT"]
[Termination "BostonStrangler won by resignation"]

1. d4 Nf6 2. c4 c5 3. d5 b5 4. cxb5 a6 5. e3 axb5 6. Bxb5 Qa5+ 7. Nc3 e6 8. Bd2 Qb6 9. a4 Nxd5 10. Nxd5 exd5 11. Qg4 Nc6 12. Nf3 d6 13. Qg3 Qxb5 14.
axb5 Rxa1+ 15. Ke2 Rxh1 16. Bc3 Nb4 0-1

[Event "Live Chess"]
[Site "Chess.com"]
[Date "2023.05.20"]
[Round "-"]
[White "1600x"]
[Black "1PRK1"]
[Result "1-0"]
[WhiteElo "1674"]
[BlackElo "1378"]
[TimeControl "300"]
[EndTime "11:54:06 PDT"]
[Termination "1600x won by resignation"]

1. e4 c5 2. Bc4 d6 3. d4 cxd4 4. Ne2 e5 5. c3 a6 6. Qb3 Qc7 7. cxd4 b5 8. Bd5 Bb7 9. O-O Bxd5 10. exd5 Nf6 11. Bg5 Be7 12. Rc1 O-O 13. Rxc7 1-0

[Event "Live Chess"]
[Site "Chess.com"]
[Date "2023.05.20"]
[Round "-"]
[White "McSlash1"]
[Black "DerbyKnight"]
[Result "1-0"]
[WhiteElo "2055"]
[BlackElo "1644"]
[TimeControl "300"]
[EndTime "11:54:08 PDT"]
[Termination "McSlash1 won by resignation"]

1. e4 c6 2. d4 d5 3. Nc3 dxe4 4.
Nxe4 Nf6 5. Nxf6+ exf6 6. Nf3 Bd6 7. Bd3 O-O 8. O-O Bg4 9. h3 Bh5 10. c3 Re8 11. Be3 Nd7 12. Be2 Nf8 13. Nd2 Bg6 14. Nb3 b6 15. Bd3 Rc8 16. Bxg6 hxg6 17. Qd2 Ne6 18.
f4 f5 19. Rae1 Nc7 20. Qc2 Nd5 21. Bc1 Qh4 22. Rxe8+ Rxe8 23. Qd2 Qg3 24. Qf2 Qd3 25. g3 Re2 26. Qf3 Qc2 27. c4 Nf6 28. d5 cxd5 29. Nd4 Qe4 30. Nxe2 Qxf3 31. Rxf3 dxc4 32. Rc3 b5 33.
Be3 Nd5 34. Rc2 a5 35. Rd2 Nxe3 36. Rxd6 b4 37. Kf2 Nc2 38. Rc6 b3 39. axb3 cxb3 40. Ra6 Nb4 41. Rxa5 Nd3+ 42. Ke3 Nxb2 43. Rb5 Nc4+ 44.
Kd3 Na3 45. Rxb3 1-0

[Event "Live Chess"]
[Site "Chess.com"]
[Date "2023.05.20"]
[Round "-"]
[White "f4nomore"]
[Black "Ian-Morley"]
[Result "1-0"]
[WhiteElo "1372"]
[BlackElo "1026"]
[TimeControl "300"]
[EndTime "11:54:09 PDT"]
[Termination "f4nomore won by checkmate"]

1. d4 e5 2. dxe5 Nc6 3. Nf3 Qe7 4. Bf4 Qb4+ 5. Nbd2 Qxb2 6. e3 Nb4 7. Nd4 c5 8. a3 cxd4 9. axb4 Bxb4 10. exd4 Bxd2+ 11. Bxd2 Qxd4 12. Be2 Qxe5 13. O-O Nf6 14. Bf3 Kf8 15. Re1 Qb5 16. Rb1 Qa6 17. Be2 b5 18. Bxb5 Qb7 19. Bb4+ Kg8 20. Qe2 h6 21. Bd3 d6 22. Qe8+ Nxe8 23.
Rxe8# 1-0

[Event "Live Chess"]
[Site "Chess.com"]
[Date "2023.05.20"]
[Round "-"]
[White "ElectricFalcon"]
[Black "MartinWalker4"]
[Result "0-1"]
[WhiteElo "1066"]
[BlackElo "2081"]
[TimeControl "300"]
[EndTime "11:54:20 PDT"]
[Termination "MartinWalker4 won by checkmate"]

1. d4 Nf6 2. c4 g6 3. Nf3 Bg7 4. Nc3 d5 5. c5 O-O 6. Bg5 b6 7. cxb6 axb6 8. e3 h6 9. Bxf6 Bxf6 10. Qb3 c6 11. Be2 Be6 12. O-O c5 13. Rad1 Nc6 14.
Bb5 Na5 15. Qc2 c4 16. Qd2 Bf5 17. b4 cxb3 18. axb3 Nxb3 19. Qb2 Na5 20. Na2 Nc4 21. Qb3 Ra3 22. Qb4 Rxa2 23. Bxc4 dxc4 24. Qxc4 Ra8 25. d5 Qd7 26. e4 Bg4 27. Qb3 Bxf3 28. Qxf3 Qd6 29. Rfe1 Rfc8 30. e5 Bxe5 31. Qe3 Bxh2+ 32.
Kf1 Bf4 33. Qh3 Rc2 34. g3 Qc5 35. gxf4 Qxf2# 0-1

[Event "Live Chess"]
[Site "Chess.com"]
[Date "2023.05.20"]
[Round "-"]
[White "ViktorTheCoolBoy"]
[Black "Bot_Boy"]
[Result "1-0"]
[WhiteElo "2537"]
[BlackElo "332"]
[TimeControl "300"]
[EndTime "11:54:23 PDT"]
[Termination "ViktorTheCoolBoy won on time"]

1. d4 c6 2. Nf3 d5 3. Bf4 Na6 4. e3 e6 5. c4 Bb4+ 6. Nc3 c5 7. cxd5 Bxc3+ 8. bxc3 cxd4 9. Qa4+ Kf8 10. cxd4 Bd7 11. Qa3+ Ne7 12. dxe6 fxe6 13. Bd3 Rc8 14. O-O h6 15. Rfc1 Rxc1+ 16. Rxc1 Kf7 17. Ne5+ Kf6 18. Qd6 g5 19. Nxd7+ 1-0

[Event "Live Chess"]
[Site "Chess.com"]
[Date "2023.05.20"]
[Round "-"]
[White "elephantgerrald"]
[Black "JackRudd"]
[Result "0-1"]
[WhiteElo "372"]
[BlackElo "2434"]
[TimeControl "300"]
[EndTime "11:54:24 PDT"]
[Termination "JackRudd won by checkmate"]

1. e4 e5 2. Nf3 Nc6 3. Bb5 Nf6 4.
Bxc6 dxc6 5. Nxe5 Qd4 6. Nf3 Qxe4+ 7. Qe2 Qxe2+ 8. Kxe2 Bf5 9. d3 O-O-O 10. Re1 Bc5 11. Ng5 Bg6 12. Kf1 Ng4 13. h3 Nxf2 14. Be3 Bxe3 15.
Rxe3 Nd1 16. Nd2 Nxe3+ 17. Kg1 Nxc2 18. Rc1 Nd4 19. h4 Ne2+ 20. Kh2 Nxc1 21. h5 Bxh5 22. g4 Bg6 23. Nde4 Rxd3 24. Kg2 h6 25. Nf3 Bxe4 26. Kf2 Rxf3+ 27. Kg2 Rd8 28. g5 hxg5 29. a3 Rd2+ 30.
Kg1 Ne2+ 31. Kg2 Nf4+ 32. Kg1 Nh3+ 33. Kh1 Rxa3# 0-1

[Event "Live Chess"]
[Site "Chess.com"]
[Date "2023.05.20"]
[Round "-"]
[White "ACx04"]
[Black "whitedjohn"]
[Result "0-1"]
[WhiteElo "415"]
[BlackElo "1670"]
[TimeControl "300"]
[EndTime "11:54:31 PDT"]
[Termination "whitedjohn won by checkmate"]

1. e4 Nf6 2. Nc3 d5 3. exd5 Nxd5 4. Nxd5 Qxd5 5. b3 e5 6. Bc4 Qxg2 7. Qe2 Nc6 8. Bd5 Qxd5 9. f3 Bb4 10. Bb2 O-O 11. O-O-O Bf5 12. c4 Qd3 13. Nh3 Qc2# 0-1

[Event "Live Chess"]
[Site "Chess.com"]
[Date "2023.05.20"]
[Round "-"]
[White "thrithik"]
[Black "elizaveta_frundina"]
[Result "0-1"]
[WhiteElo "459"]
[BlackElo "1565"]
[TimeControl "300"]
[EndTime "11:54:43 PDT"]
[Termination "elizaveta_frundina won by checkmate"]

1. h3 d5 2. a3 Nc6 3. Nf3 e5 4.
Nc3 Nf6 5. d3 d4 6. Na4 b5 7. Nc3 dxc3 8. bxc3 Be6 9. Rb1 Nd5 10.
Rxb5 Nxc3 11. Qd2 Nxb5 12. c4 Nbd4 13. e3 Nxf3+ 14. gxf3 Be7 15. Rg1 g6 16. Bb2 Rb8 17. d4 exd4 18. Bxd4 Nxd4 19. exd4 Bxa3 20. Qa5 Bb4+ 21.
Qxb4 Rxb4 22. Bd3 Qxd4 23. Bf1 Qe5+ 24. Kd2 Rb2+ 25. Kd1 Qd4+ 26. Ke1 Qd2# 0-1

[Event "Live Chess"]
[Site "Chess.com"]
[Date "2023.05.20"]
[Round "-"]
[White "onemoretime1975"]
[Black "Missedidea"]
[Result "1/2-1/2"]
[WhiteElo "1925"]
[BlackElo "1740"]
[TimeControl "300"]
[EndTime "11:54:50 PDT"]
[Termination "Game drawn by repetition"]

1. e4 c5 2. Nf3 d6 3. g3 Nf6 4. d3 g6 5. Bg2 Bg7 6. c3 O-O 7. O-O Nc6 8. h3 Bd7 9. Be3 b6 10. Nbd2 Rc8 11. Rc1 e5 12. a3 h6 13. b4 Nh5 14. b5 Na5 15. c4 Qe8 16. a4 f5 17. Nb3 Nxb3 18. Qxb3 f4 19. gxf4 exf4 20. Bd2 g5 21. Bc3 Nf6 22. e5 dxe5 23. Nxe5 Qh5 24.
Qd1 Bf5 25. Qxh5 Nxh5 26. Bd5+ Kh7 27. Be4 Bxe4 28. dxe4 Rfe8 29. Ng4 Rxe4 30. Bxg7 Kxg7 31. Rcd1 Re7 32. Rd6 Rf8 33. Rxh6 Nf6 34. Rxf6 Rxf6 35.
Nxf6 Kxf6 36. Rd1 Re4 37. Rd7 Rxc4 38. Rxa7 Rb4 39. Ra6 Kf5 40. Rxb6 Rxa4 41. Rc6 c4 42. b6 Rb4 43. b7 Rxb7 44. Rxc4 Rb5 45. Kg2 Re5 46.
Rd4 Ra5 47. Rc4 Kg6 48. Rc6+ Kh5 49. Rc3 Kh4 50. Rd3 Ra2 51. Rf3 Rb2 52. Rd3 Rc2 53. Rf3 Rb2 54. Rd3 Rc2 55. Rd8 Kh5 56. Rd3 Kh4 1/2-1/2

[Event "Live Chess"]
[Site "Chess.com"]
[Date "2023.05.20"]
[Round "-"]
[White "flyingpuffins"]
[Black "wadsy27"]
[Result "0-1"]
[WhiteElo "1964"]
[BlackElo "2584"]
[TimeControl "300"]
[EndTime "11:55:01 PDT"]
[Termination "wadsy27 won by resignation"]

1. e4 e6 2. d4 d5 3. e5 c5 4. c3 Nc6 5. Nf3 Qb6 6. Bd3 cxd4 7. O-O Bd7 8. Re1 Nge7 9. h4 h6 10. h5 Rc8 11. Nbd2 Nf5 12. Bxf5 exf5 13. Nb3 dxc3 14. bxc3 Be6 15. Be3 Qc7 16. Nbd4 a6 17. Bf4 Nxd4 18.
cxd4 Be7 19. Rc1 Qd7 20. Rxc8+ Qxc8 21. Qb3 O-O 22. Rc1 Qd7 23. Bg3 Rc8 24. Rb1 b5 25.
Qd3 Qc6 26. Ne1 Qc3 27. Qd1 b4 28. Rb3 Qc4 29. Bh2 a5 30. g4 fxg4 31. f3 a4 32. Rd3 Qc1 33. Qe2 gxf3 34. Rxf3 Bg4 0-1

[Event "Live Chess"]
[Site "Chess.com"]
[Date "2023.05.20"]
[Round "-"]
[White "raminguy"]
[Black "MrDodgy"]
[Result "1-0"]
[WhiteElo "1997"]
[BlackElo "2280"]
[TimeControl "300"]
[EndTime "11:55:03 PDT"]
[Termination "raminguy won by resignation"]

1. d4 Nf6 2. Nc3 d5 3. Bf4 c6 4.
e3 g6 5. h4 h5 6. Be2 Bg7 7.
Nf3 Bg4 8. Ne5 Bxe2 9. Qxe2 Nbd7 10. O-O-O Qa5 11. Kb1 Nb6 12. Qd2 Nfd7 13. Nxd7 Nc4 14. Qe1 Kxd7 15. e4 e6 16. exd5 cxd5 17. Rd3 Rac8 18.
Nd1 Qxe1 19. Rxe1 b6 20. b3 Nd6 21. Bxd6 Kxd6 22. Rf3 Rc7 23. c3 Rhc8 24. Kb2 a5 25. a4 Bh8 26. Rd3 f5 27. Rde3 Re8 28. f4 Bf6 29. g3 Rb7 30. Nf2 b5 31. axb5 Rxb5 32. Nd3 Kd7 33. Nc5+ Rxc5 34. dxc5 d4 35. Rd3 Kc6 36.
cxd4 Kd5 37. Red1 Rb8 38. Ka3 Rb4 39. R1d2 Bxd4 40. Rxd4+ Rxd4 41. Rxd4+ 1-0

[Event "Live Chess"]
[Site "Chess.com"]
[Date "2023.05.20"]
[Round "-"]
[White "Ocelot32"]
[Black "SupremeTactician"]
[Result "0-1"]
[WhiteElo "1397"]
[BlackElo "2400"]
[TimeControl "300"]
[EndTime "11:55:04 PDT"]
[Termination "SupremeTactician won by resignation"]

1. e4 e5 2. Nf3 Nc6 3. Bb5 a6 4. Ba4 Nf6 5. O-O Nxe4 6. d4 Be7 7. Re1 b5 8. Bb3 d5 9. Nxe5 Nxe5 10. dxe5 Be6 11. Bxd5 Qxd5 12. Qe2 Nc5 13. Nc3 Qc6 14. Be3 O-O 15. Rad1 Rad8 16. Qh5 Rxd1 17. Rxd1 Rd8 18.
Rxd8+ Bxd8 19. Qe2 Be7 20. b4 Ne4 21. Nxe4 Qxe4 22.
a3 Bc4 23. Qd2 Qd5 24. Qe1 Qxe5 25. g3 Qe4 26. Qd2 Bd5 27. Kf1 Qh1+ 28. Ke2 Bc4+ 0-1

[Event "Live Chess"]
[Site "Chess.com"]
[Date "2023.05.20"]
[Round "-"]
[White "Enhard"]
[Black "Vladyslav2008"]
[Result "0-1"]
[WhiteElo "1453"]
[BlackElo "2170"]
[TimeControl "300"]
[EndTime "11:55:09 PDT"]
[Termination "Vladyslav2008 won by resignation"]

1. d4 Nf6 2. Bf4 d5 3. e3 c5 4.
c3 Nc6 5. h3 g6 6. Nf3 Bg7 7. Be2 Kf8 8. O-O h6 9. Ne5 g5 10. Nxc6 bxc6 11. Be5 cxd4 12. exd4 h5 13. Re1 g4 14. h4 Bf5 15. g3 e6 16. Bf1 Ne8 17.
Bxg7+ Kxg7 18. Bg2 Rb8 19. b4 Nd6 20. Nd2 a5 21. a3 axb4 22. axb4 Nb5 23. Qc1 Qf6 24. Bf1 Ra8 25. Rxa8 Rxa8 26. Bxb5 cxb5 27. Nb3 Be4 28. Nc5 Ra2 29. Nxe4 dxe4 30. Qg5+ Qxg5 31. hxg5 Rc2 32. Re3 Kg6 33. Kf1 Kxg5 34. Rxe4 Rxc3 35. Re5+ Kg6 36.
Rxb5 Rc4 37. d5 exd5 38. Rxd5 Rxb4 39. Rd6+ Kg5 40. Kg2 f5 41. Rd8 Rb6 42. Rg8+ Rg6 43. Re8 h4 44. gxh4+ Kxh4 45. Rh8+ Kg5 46. Kg3 f4+ 47.
Kg2 Kf5 48. Rf8+ Ke5 49. Re8+ Kf5 50. Rf8+ Kg5 51. Rh8 Rh6 52. Rg8+ Kh4 53. Rf8 f3+ 54. Kf1 Kh3 55. Rg8 Rh5 56. Rg7 Kh4 57. Rg8 Rh6 58.
Rg7 Kh5 59. Rg8 Ra6 60. Rh8+ Kg6 61. Rg8+ Kh7 62. Re8 Ra1+ 63. Re1 Rxe1+ 64. Kxe1 Kg6 65. Kf1 Kf5 66. Kg1 Ke4 67. Kh2 Kd3 68. Kg3 Ke2 0-1

[Event "Live Chess"]
[Site "Chess.com"]
[Date "2023.05.20"]
[Round "-"]
[White "risinghelios"]
[Black "domrobson"]
[Result "0-1"]
[WhiteElo "1919"]
[BlackElo "1765"]
[TimeControl "300"]
[EndTime "11:55:13 PDT"]
[Termination "domrobson won by resignation"]

1. e4 e5 2. Bc4 Nf6 3. Nf3 Nc6 4.
Ng5 d5 5. exd5 Na5 6. Bb5+ Bd7 7. Bxd7+ Qxd7 8. O-O O-O-O 9. b4 Nc4 10. d3 Qxd5 11.
Nc3 Qd4 12. dxc4 Qxc3 13. Qe2 Qxa1 14. Be3 Qc3 15. Nxf7 Bxb4 16. Nxh8 Rxh8 17. Bxa7 b6 18. Rb1 Bc5 19. h3 Kb7 20. Rb3 Qa1+ 21. Kh2 Kxa7 0-1

[Event "Live Chess"]
[Site "Chess.com"]
[Date "2023.05.20"]
[Round "-"]
[White "Richardallis"]
[Black "Brooms1989"]
[Result "1-0"]
[WhiteElo "1760"]
[BlackElo "1006"]
[TimeControl "300"]
[EndTime "11:55:15 PDT"]
[Termination "Richardallis won by resignation"]

1. d4 Nf6 2. Nf3 g6 3. Bg5 Bg7 4.
Nbd2 O-O 5. c3 d6 6. e4 Bg4 7. Bc4 Nbd7 8. h3 Bxf3 9. Qxf3 h6 10. Bh4 e5 11. O-O exd4 12. cxd4 c5 13. dxc5 dxc5 14.
Qb3 b6 15. Nf3 Qc7 16. Bg3 Qd8 17. Rfe1 Nh5 18. Bd6 Qf6 19. Bxf8 Rxf8 20. Rad1 Ne5 21. Nxe5 Qxe5 22. Rd7 Qf6 23. e5 Qg5 24. Bxf7+ Kh8 25.
e6 Nf4 26. Qg3 Qxg3 27. fxg3 Bf6 28. gxf4 g5 29. e7 Bxe7 30. Rdxe7 gxf4 31. Re8 Rxe8 32.
Rxe8+ Kg7 33. Re7 Kf6 34. Rxa7 1-0

[Event "Live Chess"]
[Site "Chess.com"]
[Date "2023.05.20"]
[Round "-"]
[White "ethiebear"]
[Black "Doge_Dandolo"]
[Result "0-1"]
[WhiteElo "774"]
[BlackElo "2088"]
[TimeControl "300"]
[EndTime "11:55:15 PDT"]
[Termination "Doge_Dandolo won by checkmate"]

1. e4 c6 2. Qh5 d5 3. d3 Nf6 4.
Qe5 dxe4 5. dxe4 Bg4 6. f3 Bh5 7. g4 Bg6 8. Bc4 e6 9. Bxe6 fxe6 10. Qxe6+ Qe7 11. Qb3 Bf7 12. Bg5 Bxb3 13. cxb3 Qe5 14. Nh3 Qxb2 15. O-O Qxa1 16. Nc3 Qxc3 17. Bd2 Qxd2 18.
Nf4 Qxf4 19. Rc1 Qxc1+ 20. Kg2 h5 21. Kg3 hxg4 22. fxg4 Qg1+ 23. Kf4 Qxg4+ 24. Ke5 Nbd7+ 25. Kd4 Bc5+ 26. Kc4 Qxe4+ 27. Kc3 Qd4+ 28. Kc2 Rxh2+ 29.
Kc1 Qg1# 0-1

[Event "Live Chess"]
[Site "Chess.com"]
[Date "2023.05.20"]
[Round "-"]
[White "jennybobby44"]
[Black "WilliamofOrange16th"]
[Result "1-0"]
[WhiteElo "1886"]
[BlackElo "1872"]
[TimeControl "300"]
[EndTime "11:55:17 PDT"]
[Termination "jennybobby44 won by resignation"]

1. Nf3 d6 2. g3 Nf6 3. Bg2 e5 4. d3 Be7 5. O-O O-O 6. e4 c6 7.
b3 Nbd7 8. Bb2 Qc7 9. Nbd2 d5 10. exd5 cxd5 11. Re1 Bd6 12. h3 Re8 13. Rc1 b6 14.
c4 d4 15. Nxd4 Rb8 16. Nb5 Qc5 17. Ba3 1-0

[Event "Live Chess"]
[Site "Chess.com"]
[Date "2023.05.20"]
[Round "-"]
[White "Bob2pen"]
[Black "OSmith06"]
[Result "1-0"]
[WhiteElo "1833"]
[BlackElo "1689"]
[TimeControl "300"]
[EndTime "11:55:17 PDT"]
[Termination "Bob2pen won by resignation"]

1. c4 Nf6 2. g3 e6 3. Bg2 d5 4. Nf3 c5 5. O-O b6 6. b3 Bb7 7. Bb2 Be7 8. d3 d4 9. e3 dxe3 10. fxe3 O-O 11. d4 Na6 12. Nc3 Rc8 13. Qe2 Nc7 14. Rad1 Qd7 15. dxc5 Bxc5 16. Rxd7 1-0

[Event "Live Chess"]
[Site "Chess.com"]
[Date "2023.05.20"]
[Round "-"]
[White "WelshTiger"]
[Black "JoshMcK"]
[Result "0-1"]
[WhiteElo "2396"]
[BlackElo "1553"]
[TimeControl "300"]
[EndTime "11:55:18 PDT"]
[Termination "JoshMcK won by checkmate"]

1. e4 c6 2. d4 d5 3. Nd2 dxe4 4. Nxe4 Nf6 5. Nxf6+ exf6 6. c3 Bd6 7. Bd3 O-O 8. Qc2 Re8+ 9. Ne2 h5 10. h3 Nd7 11. O-O Nf8 12. Be3 Be6 13. c4 g6 14.
Nc3 f5 15. d5 cxd5 16. cxd5 Bd7 17. Bd4 Nh7 18. Nb5 Bf8 19. Rac1 Rc8 20. Qb3 Bxb5 21. Bxb5 Rxc1 22. Rxc1 Re4 23. Bxa7 Rb4 24. Qd3 Qa5 25.
a4 Qxa7 26. d6 Rd4 27. Qe3 Qb6 28. d7 Qd6 29. g3 Nf6 30. Rc8 Rd1+ 31. Kg2 Qd5+ 32.
Qf3 Qxf3+ 33. Kxf3 Nxd7 34. Rd8 Ne5+ 35. Kf4 Rxd8 36. Kxe5 Bg7+ 37. Kf4 Bxb2 38. Kf3 b6 39. Kg2 Bd4 40. h4 Bc5 41. Kf3 Rd2 42. Kf4 Rxf2+ 43. Kg5 Kg7 44. a5 f6# 0-1

[Event "Live Chess"]
[Site "Chess.com"]
[Date "2023.05.20"]
[Round "-"]
[White "olahgito"]
[Black "Pablo_dmp"]
[Result "0-1"]
[WhiteElo "728"]
[BlackElo "1856"]
[TimeControl "300"]
[EndTime "11:55:18 PDT"]
[Termination "Pablo_dmp won by checkmate"]

1. e4 c5 2. Nf3 Nc6 3. Bb5 g6 4.
Bxc6 dxc6 5. d4 Bg7 6. dxc5 Qa5+ 7. Nc3 Qxc5 8. Be3 Qb4 9. Rb1 Bg4 10. a3 Bxc3+ 11. bxc3 Qxc3+ 12. Bd2 Qc4 13. Rb4 Qa6 14. Qe2 Qxe2+ 15. Kxe2 Bxf3+ 16. gxf3 b6 17. a4 Nf6 18. Rc4 c5 19. a5 Nd7 20. axb6 axb6 21. Rb1 O-O 22.
Bh6 Rfb8 23. Ke3 b5 24. Rc3 b4 25. Rc4 Ra3+ 26. Ke2 Ra2 27. Kd3 Ne5+ 28. Kd2 Nxc4+ 29.
Kd3 Na3 30. Rd1 Rxc2 31. Ke3 Rc3+ 32. Ke2 b3 33. Kd2 Rc2+ 34. Kd3 b2 35. Ke3 Rc1 36. Rd5 b1=Q 37. Kf4 f5 38. exf5 Qxf5+ 39. Rxf5 gxf5 40. Kxf5 Rh1 41. f4 Rxh2 42. f3 Rxh6 43. Ke5 Rf6 44. f5 Kf7 45. f4 Rd8 46. Ke4 Rd4+ 47.
Ke5 Nc4# 0-1